 Dungeon Crawl Stone Soup version 0.28.0-43-g3370ac3207 (webtiles) character file.

Game seed: 9855769137374846150

3407 Zeld the Thaumaturge (level 9, 0/45 HPs)
             Began as a Deep Elf Fire Elementalist on Mar 21, 2022.
             Was an Initiate of Vehumet.
             Slain by iamoutofideas's ghost (16 damage)
             ... on level 6 of the Dungeon.
             The game lasted 00:10:43 (9781 turns).

Zeld the Thaumaturge (Deep Elf Fire Elementalist)   Turns: 9781, Time: 00:10:44

Health: 0/45       AC:  3    Str:  5    XL:     9   Next: 75%
Magic:  11/25      EV: 13    Int: 25    God:    Vehumet [......]
Gold:   605        SH:  0    Dex: 15    Spells: 21/28 levels left

rFire   . . .      SeeInvis .   a - +1 long sword (protect)
rCold   . . .      Faith    .   (no shield)
rNeg    . . .      Spirit   .   q - +0 robe
rPois   .          Reflect  .   (no helmet)
rElec   .          Harm     .   e - +0 cloak
rCorr   .          Rampage  .   (no gloves)
Will    .....                   (no boots)
Stlth   +++.......              (no amulet)
HPRegen 0.15/turn               (no ring)
MPRegen 0.19/turn               (no ring)

@: no status effects
A: no striking features
a: Renounce Religion


You were on level 6 of the Dungeon.
You worshipped Vehumet.
Vehumet was noncommittal.
You visited 2 branches of the dungeon, and saw 8 of its levels.
You also visited: Ossuary.

You collected 605 gold pieces.

Inventory:

Hand Weapons
 a - a +1 long sword of protection (weapon)
Armour
 e - a +0 cloak (worn)
 q - a +0 robe (worn)
Wands
 n - a wand of digging (5)
 s - a wand of charming (11)
Scrolls
 c - 5 scrolls of identify
 d - a scroll of holy word
 i - a scroll of blinking
 j - a scroll of fear
 l - a scroll of amnesia
 o - 2 scrolls of enchant armour
 r - 2 scrolls of teleportation
 t - 2 scrolls of enchant weapon
Potions
 b - 5 potions of might {unknown}
 f - 5 potions of degeneration {unknown}
 g - a potion of ambrosia {unknown}
 h - 3 potions of attraction {unknown}
 k - 4 potions of brilliance {unknown}
 m - 6 potions of curing {unknown}
 p - a potion of berserk rage {unknown}
 u - a potion of cancellation {unknown}
 v - a potion of flight {unknown}
 w - a potion of haste {unknown}
 x - 2 potions of magic {unknown}


   Skills:
 * Level 4.7 Long Blades
 - Level 4.0 Dodging
 - Level 6.0 Stealth
 * Level 10.3 Spellcasting
 + Level 5.6 Conjurations
 * Level 8.9 Fire Magic


You had 21 spell levels left.
You knew the following spells:

 Your Spells              Type           Power      Damage    Failure   Level
a - Foxfire               Conj/Fire      100%       2x1d9     1%          1
b - Scorch                Fire           100%       2d10      1%          2
c - Flame Wave            Conj/Fire      49%        2d10      2%          4

Your spell library contained the following spells:

 Spells                   Type           Power      Damage    Failure   Level
 Conjure Flame            Conj/Fire      49%        6-21      1%          3
 Inner Flame              Hex/Fire       35%        N/A       2%          3
 Animate Skeleton         Necr           24%        N/A       4%          1
 Beastly Appendage        Tmut           24%        N/A       4%          1
 Pain                     Necr           48%        1d6       4%          1
 Wereblood                Tmut           12%        N/A       8%          2
 Ozocubu's Armour         Ice            12%        N/A       14%         3
 Spider Form              Tmut/Pois      12%        N/A       14%         3
 Vampiric Draining        Necr           12%        2d6       14%         3
 Ozocubu's Refrigeration  Ice            6%         4d6       100%        7


Dungeon Overview and Level Annotations

Branches:
Dungeon (7/15)             Temple (1/1) D:7         Ossuary (visited)

Altars:
Ashenzari
Cheibriados
Dithmenos
Elyvilon
Fedhas
Gozag
Hepliaklqana
Kikubaaqudgha
Makhleb
Nemelex Xobeh
Okawaru
Qazlal
Ru
Sif Muna
Trog
Uskayaw
Vehumet
Wu Jian
Xom
Yredelemnul
Zin
The Shining One

Annotations:
D:6 iamoutofideas's ghost, amateur HOGl


Message History

The centaur simulacrum melts!
The centaur simulacrum vaporises!
Vehumet accepts your kill.
You hear a sizzling sound!
You finish channelling waves of flame.
The spectral howler monkey closely misses you.
Iamoutofideas's ghost hits you!
Casting: Flame Wave (dangerous; 2% risk of failure)
Confirm with . or Enter, or press ? or * to list all spells.
Casting: Flame Wave (dangerous; 2% risk of failure)
Press: ? - help, Dir - look around, f - activate A wave of flame ripples out!
The flame wave engulfs the spectral howler monkey.
You destroy the spectral howler monkey!
Vehumet accepts your kill.
The flame wave engulfs iamoutofideas's ghost but does no damage.
Iamoutofideas's ghost is moderately damaged. (Press . to intensify the flame waves.) Iamoutofideas's ghost hits you!
A wave of flame ripples out!
The flame wave engulfs the centaur skeleton!!
You destroy the centaur skeleton!
Vehumet accepts your kill.
The flame wave engulfs iamoutofideas's ghost!
Iamoutofideas's ghost is heavily damaged.
Iamoutofideas's ghost ripples.
Iamoutofideas's ghost hits you.
Unknown command.
Casting: Flame Wave (dangerous; 2% risk of failure)
Confirm with . or Enter, or press ? or * to list all spells.
Flames lash iamoutofideas's ghost but do no damage.
Iamoutofideas's ghost closely misses you.
Unknown command.
Casting: Scorch (safe; 1% risk of failure)
Confirm with . or Enter, or press ? or * to list all spells.
Flames lash iamoutofideas's ghost.
Iamoutofideas's ghost is severely damaged.
Iamoutofideas's ghost's fire resistance burns away.
Iamoutofideas's ghost hits you!
You die...

# #..###..# #####.)....# # #.##
##)## #...#..##.### # ###.#
#..#### ##...#.###.... # #...#
##....####.[..#)# ##### ###.###
####)##....###.# #. ..#.# #
#####[.....# #.# #. #>#.###
#.#.#.#[)[.### #.# #. #.....#
#.....#.....####.# #. ......#
##!...W@..#....#.# #. #.....#
#.$...'...####...## ## #.....#
##)...'=.## ##...##### #...###
#.....#..# #.#.....# ###.#
#.#.#.#### #.#####.##
###.############..# #.# #..#
...)..#...........######.# ##.#
####....#.........##..##.######.#
###....##.........##.........##.#


You could see iamoutofideas's ghost (combustible).

Vanquished Creatures
  Sigmund (D:5)
  A wyvern (D:7)
  A steam dragon (D:6)
  A water moccasin (D:6)
  A sky beast (D:6)
  An ice beast (D:7)
  An orc warrior (D:7)
  4 ogres
  A centaur (D:5)
  A phantom (D:4)
  Blork the orc (D:5)
  A gnoll sergeant (D:6)
  2 bullfrogs
  3 scorpions
  3 howler monkeys
  A bullfrog zombie (D:5)
  6 orc priests
  Crazy Yiuf (D:2)
  4 hounds
  3 jellies
  2 bullfrog skeletons
  A centaur skeleton (D:6)
  2 gnoll shamans
  5 iguanas
  12 orc wizards
  A centaur simulacrum (D:6)
  A hound zombie (D:5)
  A hound skeleton (D:5)
  2 spectral howler monkeys (D:6)
  9 mummies
  13 gnolls
  6 adders
  A shadow imp (D:6)
  A white imp (D:7)
  A worm (D:2)
  3 dart slugs
  41 orcs
  5 ball pythons
  8 endoplasms
  A giant cockroach (D:4)
  9 goblins
  5 hobgoblins
  3 jackals (D:2)
  6 kobolds
  2 quokkas (D:2)
  2 bats
  2 frilled lizards (D:3)
  3 gnoll zombies (Ossuary)
  A hobgoblin zombie (Ossuary)
  3 kobold zombies (Ossuary)
  An orc zombie (Ossuary)
  5 rats
196 creatures vanquished.

Vanquished Creatures (others)
  328 foxfires
328 creatures vanquished.

Grand Total: 524 creatures vanquished

Notes
Turn   | Place    | Note
-------+----------+-------------------------------------------
     0 | D:1      | Zeld the Deep Elf Fire Elementalist began the quest for the
                  | Orb.
     0 | D:1      | Reached XP level 1. HP: 10/10 MP: 6/6
   434 | D:1      | Reached XP level 2. HP: 15/15 MP: 6/8
   437 | D:1      | Learned a level 2 spell: Scorch
   503 | D:1      | Found a faded altar of an unknown god.
  1140 | D:2      | Reached XP level 3. HP: 19/19 MP: 6/10
  1464 | D:2      | Found the +1 Delatra's gloves {ID++}
  1508 | D:2      | Reached skill level 4 in Spellcasting
  1823 | D:2      | Found a runed translucent door.
  1824 | D:2      | Noticed Crazy Yiuf
  1832 | D:2      | Killed Crazy Yiuf
  1833 | D:2      | Reached XP level 4. HP: 24/24 MP: 3/12
  2067 | D:2      | Found an opulent altar of Gozag.
  2292 | D:1      | Learned a level 4 spell: Flame Wave
  2686 | D:3      | Reached XP level 5. HP: 20/28 MP: 8/13
  3495 | D:4      | Noticed an ogre
  3500 | D:4      | Killed an ogre
  3501 | D:4      | Reached skill level 5 in Spellcasting
  3501 | D:4      | Reached XP level 6. HP: 32/32 MP: 7/15
  3515 | D:4      | Reached skill level 5 in Fire Magic
  3853 | D:4      | Reached skill level 6 in Spellcasting
  3906 | D:4      | Reached XP level 7. HP: 27/36 MP: 2/18
  4512 | D:5      | Entered Level 5 of the Dungeon
  4512 | D:5      | Noticed Sigmund
  4518 | D:5      | Killed Sigmund
  4519 | D:5      | Reached skill level 7 in Spellcasting
  4638 | D:5      | Reached skill level 5 in Stealth
  4759 | D:5      | Noticed Blork the orc
  4764 | D:5      | Killed Blork the orc
  4765 | D:5      | Reached XP level 8. HP: 15/41 MP: 13/21
  5054 | D:5      | Reached skill level 1 in Long Blades
  5422 | D:5      | Reached skill level 8 in Spellcasting
  5463 | D:5      | Found a snail-covered altar of Cheibriados.
  5886 | D:5      | Found a snail-covered altar of Cheibriados.
  6148 | D:6      | Found a runed translucent gate.
  6148 | D:6      | Found a runed translucent gate.
  6149 | D:6      | Found a runed translucent gate.
  6155 | D:6      | Noticed iamoutofideas's ghost (amateur HOGl)
  6550 | D:6      | Reached XP level 9. HP: 30/45 MP: 5/23
  6789 | D:6      | Reached skill level 9 in Spellcasting
  6957 | D:6      | Reached skill level 5 in Conjurations
  7664 | D:7      | Found a sand-covered staircase.
  7747 | Ossuary  | Entered an ossuary
  8367 | D:7      | Reached skill level 10 in Spellcasting
  9285 | D:7      | Found a staircase to the Ecumenical Temple.
  9477 | Temple   | Entered the Ecumenical Temple
  9538 | Temple   | Became a worshipper of Vehumet
  9781 | D:6      | Slain by iamoutofideas's ghost

Illustrated notes

Levels and vault maps discovered:
D:1:      psy_arrival_statuary, layout_loops_ring,
          chequers_ecumenical_altar_island, minmay_fountain_box
D:2:      layout_basic, basic_altar, uniq_crazy_yiuf_cottage
D:3:      layout_rooms
D:4:      layout_rooms
D:5:      layout_rooms, chei_slow_surprise, uniq_blork_the_orc, uniq_sigmund
D:6:      layout_rooms, gammafunk_ghost_necromancy
D:7:      layout_cave_pools, minmay_temple_entry_stoned_glass,
          gup_ossuary_entry_pyramid
Temple:   mainiacjoe_temple_hex_bubbles

Skill      XL: |  1  2  3  4  5  6  7  8  9 |
---------------+----------------------------+-----
Spellcasting   | 4 5 6 7 8 10 | 10.3
Fire Magic     | 4 5 6 7 8 |  8.9
Stealth        | 3 4 5 6 |  6.0
Dodging        | 3 4 |  4.0
Conjurations   | 2 3 4 5 |  5.6
Long Blades    | 3 4 |  4.7

Action                   |  1- 3 |  4- 6 |  7- 9 || total
-------------------------+-------+-------+-------++-------
Melee: Unarmed           |       |     3 |       ||     3
       Long sword        |       |       |    19 ||    19
 Cast: Foxfire           |    78 |    97 |    17 ||   192
       Scorch            |     3 |    16 |   169 ||   188
       Flame Wave        |       |     1 |     8 ||     9
  Use: Scroll            |       |       |    11 ||    11
Armor: Robe              |     2 |     2 |    18 ||    22
Dodge: Dodged            |    10 |    28 |    89 ||   127
